 Dungeon Crawl Stone Soup version 0.30-a0-1160-g6e42c06551 (webtiles) character file.

Game seed: 9054810722986094049

3 qeuew the Shooter (level 1, 0/12 HPs)
             Began as a Kobold Hunter on Apr 25, 2023.
             Frozen to death by an endoplasm (4 damage)
             ... on level 1 of the Dungeon.
             The game lasted 00:00:11 (34 turns).

qeuew the Shooter (Kobold Hunter)                     Turns: 34, Time: 00:00:13

Health: 0/12       AC:  3    Str:  8    XL:     1   Next: 55%
Magic:  1/1        EV: 14    Int: 10    God:
Gold:   0          SH:  0    Dex: 18    Spells: 0/0 levels left

rFire   . . .        a - +0 shortbow
rCold   . . .        (shield currently unavailable)
rNeg    . . .        c - +0 leather armour
rPois   .            (no helmet)
rElec   .            (no cloak)
rCorr   .            (no gloves)
SInv    .            (no boots)
Will    .....        (no amulet)
Stlth   +++          (no ring)
HPRegen 0.22/turn    (no ring)
MPRegen 0.07/turn

%: no passive effects
@: no status effects
A: small, no large weapons, nightstalker 3
a: no special abilities


You were on level 1 of the Dungeon.
You visited 1 branch of the dungeon, and saw 1 of its levels.

Inventory:

Hand Weapons
 a - a +0 shortbow (weapon)
Armour
 c - a +0 leather armour (worn)
Scrolls
 b - a scroll of immolation


   Skills:
 + Level 2.2 Fighting
 * Level 5.4 Ranged Weapons
 * Level 2.5 Dodging
 + Level 1.5 Stealth


You couldn't memorise any spells.
You didn't know any spells.
Your spell library was empty.

Dungeon Overview and Level Annotations

Branches:
Dungeon (1/15)

Altars:


Innate Abilities, Weirdness & Mutations

You are small and have problems with some larger weapons.
You are completely attuned to the shadows.


Message History

An endoplasm comes into view.
The frilled lizard misses you.
There are monsters nearby!
You shoot an arrow. The arrow hits the frilled lizard!
You kill the frilled lizard!
There are monsters nearby!
You shoot an arrow.
The arrow hits the frilled lizard but does no damage.
The frilled lizard misses you.
There are monsters nearby!
You shoot an arrow.
The arrow closely misses the frilled lizard.
The arrow hits the endoplasm but does no damage.
The frilled lizard bites you.
You shoot an arrow. The arrow hits the frilled lizard.
The frilled lizard is heavily wounded.
The frilled lizard misses you. The endoplasm closely misses you.
You shoot an arrow.
The arrow closely misses the frilled lizard.
The frilled lizard misses you. The endoplasm closely misses you.
You shoot an arrow.
The arrow closely misses the frilled lizard.
The endoplasm barely misses you. The frilled lizard barely misses you.
The endoplasm closely misses you. The frilled lizard misses you.
You shoot an arrow. The arrow hits the frilled lizard!
You kill the frilled lizard!
The endoplasm freezes you.
You are frozen.
You shoot an arrow.
The arrow hits the endoplasm but does no damage.
The endoplasm freezes you.
You are frozen.
You shoot an arrow. The arrow hits the endoplasm.
The endoplasm is heavily wounded.
The endoplasm freezes you.
You are frozen.
A frilled lizard comes into view.
The endoplasm freezes you.
You are frozen.
You die...

#
#####.#.
#..@†...
#.##J.~~
#.# .~~~
#.# .~l~
#.# .~~~
#.#
##.###.
#......
#.#####


You could see an endoplasm and a frilled lizard (wandering).

Vanquished Creatures
  5 frilled lizards (D:1)
5 creatures vanquished.

Notes
Turn   | Place    | Note
-------+----------+-------------------------------------------
     0 | D:1      | qeuew the Kobold Hunter began the quest for the Orb.
     0 | D:1      | Reached XP level 1. HP: 12/12 MP: 1/1
    34 | D:1      | Frozen to death by an endoplasm

Illustrated notes

Levels and vault maps discovered:
D:1:      minmay_arrival_solitary_statue, layout_loops_corners,
          minmay_lizard_pond

Action                     || total
---------------------------++-------
   Fire: Shortbow          ||    14
  Dodge: Dodged            ||    10

Table legend: (Time is in decaauts)
 A = Elapsed time spent in this place.
 B = Non-inter-level travel time spent in this place.
 C = Inter-level travel time spent in this place.
 D = Time resting spent in this place.
 E = Time spent auto-exploring this place.
 F = Levels seen in this place.
 G = Mean time per level.
                   A        B        C        D        E       F      G
               +--------+--------+--------+--------+--------+-----+--------+
         Total |     37 |     37 |      0 |      0 |     19 |   1 |   37.0 |
       Dungeon |     37 |     37 |      0 |      0 |     19 |   1 |   37.0 |
               +--------+--------+--------+--------+--------+-----+--------+

Top non-repeatable levels by time:
     D:1: 37 daAuts
